Jets vs Bruins

Created - 13 novembre 2020 at 15:17

Goals
1 2 3 T
Jets 0 3 1 4
Bruins 0 2 1 3
Shots
1 2 3 T
Jets 12 15 18 45
Bruins 3 19 14 36

1st period

No Goal

Penalties :
Pat Maroon (BOS) for Holding Stick (Minor) at 10:54

2nd period

1. Jets , Victor Olofsson 1 (Nathan MacKinnon 1) at 4:14
2. Jets , James van Riemsdyk 1 (Nathan MacKinnon 2, Victor Olofsson 2) at 7:24
3. Jets , Colton Sissons 2 (Josh Morrissey 1) at 9:15
4. Bruins , Casey Cizikas 2 (Lawson Crouse 2, Luke Glendening 2) at 12:16
5. Bruins , Lawson Crouse 2 (Casey Cizikas 3, Seth Jones 4) at 19:42

Penalties :
No Penalty

3rd period

6. Jets , Zach Aston-Reese 1 (Josh Morrissey 2, Colton Sissons 2) at 19:14 (Empty Net)
7. Bruins , Seth Jones 1 (Luke Glendening 3, Lawson Crouse 3) at 19:59

Penalties :
Anthony Mantha (BOS) for Hooking (Minor) at 15:02

Goalie Stats

Mackenzie Blackwood (WIN), 33 saves from 36 shots - (0,917), W, 1-0-0, 60:00 minutes
Jordan Binnington (BOS), 41 saves from 44 shots - (0,932), L, 2-1-0, 59:48 minutes

Players Stats for Jets

Player Name              G  A  P  +/- PIM S  H  SB GA TA FO     MP     PP MP  PK MP  
------------------------------------------------------------------------------------
Alex Galchenyuk          0  0  0   1  0   3  1  0  3  0  0/0    17:39   2:00   0:00 
Alexander Volkov         0  0  0  -2  0   1  3  1  0  0  0/0    12:46   0:00   0:00 
Colton Sissons           1  1  2   2  0   5  1  1  2  1  10/16  18:02   2:00   0:00 
Dakota Mermis            0  0  0   1  0   1  1  0  0  0  0/0    13:15   1:06   0:00 
Erik Gudbranson          0  0  0   1  0   1  2  1  0  1  0/0    14:33   1:17   0:00 
Filip Chytil             0  0  0   1  0   7  0  2  1  0  1/2    17:39   2:00   0:00 
James van Riemsdyk       1  0  1   2  0   1  1  0  0  1  1/2    22:50   1:58   0:00 
Jonathan Ericsson        0  0  0   0  0   0  0  0  0  0  0/0    20:42   0:00   0:00 
Josh Manson              0  0  0   0  0   3  5  2  0  1  0/0    28:49   2:23   0:00 
Josh Morrissey           0  2  2   0  0   1  0  1  1  2  0/0    21:06   1:35   0:00 
Kyle Turris              0  0  0  -2  0   4  0  0  1  0  4/8    12:46   0:00   0:00 
Mark Pysyk               0  0  0   0  0   3  5  2  0  1  0/0    21:25   1:35   0:00 
Nathan MacKinnon         0  2  2   2  0   2  1  2  1  0  18/40  22:50   1:58   0:00 
Troy Brouwer             0  0  0   0  0   0  0  0  0  0  0/0     6:45   0:00   0:00 
Victor Olofsson          1  1  2   2  0   4  1  0  3  2  0/3    22:50   1:58   0:00 
Wayne Simmonds           0  0  0  -2  0   6  0  2  0  0  0/2    12:46   0:00   0:00 
William Carrier          0  0  0  -1  0   1  0  0  0  2  0/0     6:22   0:00   0:00 
Zach Aston-Reese         1  0  1   0  0   2  0  1  0  0  0/5     6:55   0:00   0:00 

Players Stats for Bruins

Player Name              G  A  P  +/- PIM S  H  SB GA TA FO     MP     PP MP  PK MP  
------------------------------------------------------------------------------------
Anthony Beauvillier      0  0  0  -1  0   0  1  0  1  2  1/3    16:46   0:00   0:52 
Anthony Mantha           0  0  0  -1  2   5  2  2  2  1  2/6    19:10   0:00   0:00 
Brady Tkachuk            0  0  0  -1  0   5  3  0  0  1  0/0    15:53   0:00   0:00 
Cam Fowler               0  0  0   0  0   0  0  0  0  0  0/0    17:10   0:00   0:00 
Casey Cizikas            1  1  2   2  0   5  4  0  0  0  5/11   12:58   0:00   0:47 
Connor Murphy            0  0  0  -1  0   1  1  1  0  1  0/0    23:54   0:00   2:03 
Ethan Bear               0  0  0   0  0   2  2  3  0  2  0/0    18:56   0:00   1:55 
Ilya Mikheyev            0  0  0  -1  0   3  2  1  1  0  0/0    11:06   0:00   2:19 
Jakob Chychrun           0  0  0   0  0   0  1  2  0  1  0/0    17:10   0:00   0:00 
Jarred Tinordi           0  0  0   0  0   0  0  0  0  0  0/0     0:00   0:00   0:00 
Joel Edmundson           0  0  0   0  0   0  2  1  0  1  0/0    18:56   0:00   1:55 
Lawson Crouse            1  2  3   2  0   5  1  3  2  0  0/0    12:58   0:00   0:47 
Luke Glendening          0  2  2   2  0   1  0  1  0  0  4/5    14:29   0:00   2:19 
Maxime Comtois           0  0  0   0  0   0  0  0  0  0  0/0     0:00   0:00   0:00 
Nolan Patrick            0  0  0  -1  0   1  0  0  0  0  5/6     9:02   0:00   0:14 
Pat Maroon               0  0  0  -1  2   0  0  0  0  0  1/1     8:47   0:00   0:00 
Paul Stastny             0  0  0  -1  0   0  1  2  2  1  13/18  16:31   0:00   0:38 
Ryan Johansen            0  0  0  -1  0   2  4  1  1  0  0/1    19:10   0:00   0:00 
Sean Monahan             0  0  0  -1  0   2  2  1  1  0  13/27  19:10   0:00   0:00 
Seth Jones               1  1  2  -1  0   4  0  1  1  2  0/0    23:54   0:00   2:03 

3 Stars

1 - Lawson Crouse (BOS)
2 - Casey Cizikas (BOS)
3 - Colton Sissons (WIN)

Power Play

Jets - 0 on 2 Attempt(s) - 0,00%
Bruins - 0 on 0 Attempt(s) - 0,00%

Penalty Kill

Jets - 0 on 0 Attempt(s) - 0,00% - Score 0 goal in Penalty Kill
Bruins - 2 on 2 Attempt(s) - 100,00% - Score 0 goal in Penalty Kill

Team Stat

Jets - Hits : 21 - Faceoff Wins : 34 - Blocked Shots : 15 - Penalty Minutes : 0
Bruins - Hits : 26 - Faceoff Wins : 44 - Blocked Shots : 19 - Penalty Minutes : 4

Official

Referees : Tom Chmielewski and Beaudry Halkidis
Linesman : Greg Devorski and Jake Davis

Game Notes

Erik Gudbranson is injured at 10:39 of 2nd period (Sprained Right Knee)
Zach Aston-Reese has scored in a empty net!

Finance

Level 1 -- Attendance: 5068 (84,47%) -- Ticket Income 506 800 $
Level 2 -- Attendance: 4966 (99,32%) -- Ticket Income 297 960 $
Level 3 -- Attendance: 1921 (96,05%) -- Ticket Income 67 235 $
Level 4 -- Attendance: 3903 (97,58%) -- Ticket Income 78 060 $
Luxury Box -- Attendance: 744 (74,40%) -- Ticket Income 148 800 $
Game was played at the Boston Garden.
Total Attendance: 16602 (92,23%)
Total Ticket Income: 1 098 855 $
Other Income: 538 439 $
Total Income: 1 637 294 $

Jets

5 vs 5 Forward 
   Center                   Left Wing                Right Wing               Time % Phy DF OF 
 1 Nathan MacKinnon         James van Riemsdyk       Victor Olofsson          40     0   2  2  
 2 Colton Sissons           Filip Chytil             Alex Galchenyuk          30     1   2  2  
 3 Kyle Turris              Wayne Simmonds           Alexander Volkov         20     1   2  2  
 4 Zach Aston-Reese         William Carrier          Troy Brouwer             10     1   2  2  

5 vs 5 Defense 
   Defense                  Defense                                           Time % Phy DF OF 
 1 Erik Gudbranson          Josh Manson                                       40     1   2  2  
 2 Josh Morrissey           Mark Pysyk                                        30     1   2  2  
 3 Jonathan Ericsson        Dakota Mermis                                     20     1   2  2  
 4 Erik Gudbranson          Josh Manson                                       10     1   2  2  

PowerPlay Forward 
   Center                   Left Wing                Right Wing               Time % Phy DF OF 
 1 Nathan MacKinnon         James van Riemsdyk       Victor Olofsson          60     1   2  2  
 2 Colton Sissons           Filip Chytil             Alex Galchenyuk          40     1   2  2  

PowerPlay Defense
   Defense                  Defense                                           Time % Phy DF OF 
 1 Erik Gudbranson          Josh Manson                                       60     1   2  2  
 2 Josh Morrissey           Mark Pysyk                                        40     1   2  2  

Penalty Kill 4 Players Forward 
   Center                   Wing                     Time % Phy DF OF 
 1 Colton Sissons           Zach Aston-Reese         60     1   2  2  
 2 Kyle Turris              Alexander Volkov         40     1   2  2  

Penalty Kill 4 Players Defense
   Defense                  Defense                  Time % Phy DF OF 
 1 Erik Gudbranson          Josh Manson              60     1   2  2  
 2 Dakota Mermis            Jonathan Ericsson        40     1   2  2  

Penalty Kill - 3 Players Forward 
   Forward                                           Time % Phy DF OF 
 1 Zach Aston-Reese                                  60     1   2  2  
 2 Colton Sissons                                    40     1   2  2  

Penalty Kill - 3 Players Defense
   Defense                  Defense                  Time % Phy DF OF 
 1 Erik Gudbranson          Josh Manson              60     1   2  2  
 2 Dakota Mermis            Jonathan Ericsson        40     1   2  2  

4 vs 4 Forward 
   Center                   Wing                     Time % Phy DF OF 
 1 Nathan MacKinnon         Victor Olofsson          60     1   2  2  
 2 Zach Aston-Reese         Troy Brouwer             40     1   2  2  

4 vs 4 Defense
   Defense                  Defense                  Time % Phy DF OF 
 1 Jonathan Ericsson        Josh Manson              60     1   2  2  
 2 Josh Morrissey           Mark Pysyk               40     1   2  2  

Last Minutes Offensive
   Center                   Left Wing                Right Wing               Defense                  Defense                  
   Nathan MacKinnon         James van Riemsdyk       Victor Olofsson          Josh Morrissey           Josh Manson              

Last Minutes Defensive
   Center                   Left Wing                Right Wing               Defense                  Defense                  
   Colton Sissons           Zach Aston-Reese         Troy Brouwer             Erik Gudbranson          Josh Manson              

Goaltenders
Starting : Mackenzie Blackwood      
Backup : Jonathan Bernier         

Extra Forwards
Normal : Zach Aston-Reese, Filip Chytil, Alexander Volkov - PP : Zach Aston-Reese, Filip Chytil - PK : Alexander Volkov
Extra Defensemen
Normal : Jonathan Ericsson, Erik Gudbranson, Mark Pysyk - PP : Dakota Mermis - PK : Josh Morrissey, Mark Pysyk
Penalty Shots
James van Riemsdyk, Victor Olofsson, Kyle Turris, Wayne Simmonds, Colton Sissons
Custom OT Lines Forwards
James van Riemsdyk, Victor Olofsson, Kyle Turris, Wayne Simmonds, Colton Sissons, Alex Galchenyuk, Zach Aston-Reese, Filip Chytil, Alexander Volkov, William Carrier
Custom OT Lines Defensemen
Josh Morrissey, Josh Manson, Dakota Mermis, Mark Pysyk, Jonathan Ericsson

Scratches
Mike Sgarbossa (Healthy), Nate Prosser (Healthy)

Bruins

5 vs 5 Forward 
   Center                   Left Wing                Right Wing               Time % Phy DF OF 
 1 Sean Monahan             Anthony Mantha           Ryan Johansen            35     0   2  3  
 2 Paul Stastny             Brady Tkachuk            Anthony Beauvillier      30     0   3  2  
 3 Casey Cizikas            Lawson Crouse            Luke Glendening          20     0   4  1  
 4 Nolan Patrick            Pat Maroon               Ilya Mikheyev            15     0   5  0  

5 vs 5 Defense 
   Defense                  Defense                                           Time % Phy DF OF 
 1 Seth Jones               Connor Murphy                                     38     1   2  2  
 2 Jakob Chychrun           Cam Fowler                                        31     1   2  2  
 3 Joel Edmundson           Ethan Bear                                        31     0   2  2  
 4 Seth Jones               Connor Murphy                                     0      1   2  2  

PowerPlay Forward 
   Center                   Left Wing                Right Wing               Time % Phy DF OF 
 1 Sean Monahan             Anthony Mantha           Ryan Johansen            55     0   0  5  
 2 Paul Stastny             Brady Tkachuk            Anthony Beauvillier      45     1   0  4  

PowerPlay Defense
   Defense                  Defense                                           Time % Phy DF OF 
 1 Cam Fowler               Jakob Chychrun                                    50     0   0  5  
 2 Seth Jones               Ethan Bear                                        50     0   2  3  

Penalty Kill 4 Players Forward 
   Center                   Wing                     Time % Phy DF OF 
 1 Luke Glendening          Ilya Mikheyev            60     0   4  1  
 2 Casey Cizikas            Lawson Crouse            40     0   4  1  

Penalty Kill 4 Players Defense
   Defense                  Defense                  Time % Phy DF OF 
 1 Seth Jones               Connor Murphy            60     0   4  1  
 2 Ethan Bear               Joel Edmundson           40     0   4  1  

Penalty Kill - 3 Players Forward 
   Forward                                           Time % Phy DF OF 
 1 Luke Glendening                                   50     0   5  0  
 2 Casey Cizikas                                     50     0   5  0  

Penalty Kill - 3 Players Defense
   Defense                  Defense                  Time % Phy DF OF 
 1 Seth Jones               Connor Murphy            50     0   5  0  
 2 Ethan Bear               Joel Edmundson           50     0   5  0  

4 vs 4 Forward 
   Center                   Wing                     Time % Phy DF OF 
 1 Sean Monahan             Anthony Mantha           60     1   2  2  
 2 Ryan Johansen            Ilya Mikheyev            40     1   2  2  

4 vs 4 Defense
   Defense                  Defense                  Time % Phy DF OF 
 1 Seth Jones               Connor Murphy            60     1   2  2  
 2 Jakob Chychrun           Cam Fowler               40     1   2  2  

Last Minutes Offensive
   Center                   Left Wing                Right Wing               Defense                  Defense                  
   Sean Monahan             Anthony Mantha           Ryan Johansen            Seth Jones               Cam Fowler               

Last Minutes Defensive
   Center                   Left Wing                Right Wing               Defense                  Defense                  
   Sean Monahan             Anthony Mantha           Ryan Johansen            Seth Jones               Connor Murphy            

Goaltenders
Starting : Jordan Binnington        
Backup : Juuse Saros              

Extra Forwards
Normal : Nolan Patrick, Lawson Crouse, Casey Cizikas - PP : Nolan Patrick, Ilya Mikheyev - PK : Paul Stastny
Extra Defensemen
Normal : Joel Edmundson, Ethan Bear, Jakob Chychrun - PP : Joel Edmundson - PK : Jakob Chychrun, Cam Fowler
Penalty Shots
Sean Monahan, Anthony Mantha, Brady Tkachuk, Ryan Johansen, Anthony Beauvillier
Custom OT Lines Forwards
Sean Monahan, Anthony Mantha, Brady Tkachuk, Ryan Johansen, Anthony Beauvillier, Paul Stastny, Lawson Crouse, Casey Cizikas, Luke Glendening, Ilya Mikheyev
Custom OT Lines Defensemen
Seth Jones, Connor Murphy, Jakob Chychrun, Cam Fowler, Joel Edmundson

Scratches
Cam Talbot (Healthy)

% Time on Ice - Jets

Lines # - Real PCT - Wanted PCT - Time Play
Normal Forward
1 - 37% - 40% - 20:52
2 - 28% - 30% - 15:39
3 - 23% - 20% - 12:46
4 - 11% - 10% - 6:22
Normal Defense
1 - 41% - 40% - 22:39
2 - 31% - 30% - 17:04
3 - 20% - 20% - 11:03
4 - 9% - 10% - 4:53
PP Forward
1 - 50% - 60% - 1:58
2 - 50% - 40% - 2:00
PP Defense
1 - 60% - 60% - 2:23
2 - 40% - 40% - 1:35
PK Forward
1 - 0% - 60%
2 - 0% - 40%
PK Defense
1 - 0% - 60%
2 - 0% - 40%
PK3 Forward
1 - 0% - 60%
2 - 0% - 40%
PK3 Defense
1 - 0% - 60%
2 - 0% - 40%
44 Forward
1 - 0% - 60%
2 - 0% - 40%
44 Defense
1 - 0% - 60%
2 - 0% - 40%
Last Minute Offensive  - 0:00
Last Minute Defensive  - 0:23
Total
Forward - 60:00
Defense - 60:00

% Time on Ice - Bruins

Lines # - Real PCT - Wanted PCT - Time Play
Normal Forward
1 - 34% - 35% - 18:49
2 - 29% - 30% - 15:54
3 - 22% - 20% - 12:10
4 - 16% - 15% - 8:47
Normal Defense
1 - 39% - 38% - 21:29
2 - 31% - 31% - 17:10
3 - 31% - 31% - 17:01
4 - 0% - 0% - 0:00
PP Forward
1 - 0% - 55%
2 - 0% - 45%
PP Defense
1 - 0% - 50%
2 - 0% - 50%
PK Forward
1 - 80% - 60% - 3:11
2 - 20% - 40% - 0:47
PK Defense
1 - 52% - 60% - 2:03
2 - 48% - 40% - 1:55
PK3 Forward
1 - 0% - 50%
2 - 0% - 50%
PK3 Defense
1 - 0% - 50%
2 - 0% - 50%
44 Forward
1 - 0% - 60%
2 - 0% - 40%
44 Defense
1 - 0% - 60%
2 - 0% - 40%
Last Minute Offensive  - 0:22
Last Minute Defensive  - 0:00
Total
Forward - 60:00
Defense - 60:00

Play-by-Play

1st period


0:01 of 1st period - Sean Monahan wins face-off versus Nathan MacKinnon in neutral zone.
0:12 of 1st period - Slapshot by Anthony Mantha.
0:12 of 1st period - Shot Misses the Net.
0:14 of 1st period - Wrist shot by Connor Murphy.
0:14 of 1st period - Shot Misses the Net.
0:30 of 1st period - Wrist shot by Alex Galchenyuk.
0:30 of 1st period - Stopped by Jordan Binnington with a rebound.
0:32 of 1st period - Wrist shot by Colton Sissons.
0:32 of 1st period - Stopped by Jordan Binnington with a rebound.
0:34 of 1st period - Slapshot by Erik Gudbranson.
0:34 of 1st period - Shot Blocked by Seth Jones.
0:36 of 1st period - Slapshot by Erik Gudbranson.
0:36 of 1st period - Stopped by Jordan Binnington without a rebound.
0:37 of 1st period - Luke Glendening wins face-off versus Kyle Turris in Bruins zone.
1:04 of 1st period - Snap shot by Filip Chytil.
1:04 of 1st period - Stopped by Jordan Binnington with a rebound.
1:10 of 1st period - Snap shot by Lawson Crouse.
1:10 of 1st period - Deflect By Casey Cizikas.
1:10 of 1st period - Shot Misses the Net.
1:10 of 1st period - Puck is out of play.
1:11 of 1st period - Nolan Patrick wins face-off versus Zach Aston-Reese in Jets zone.
1:15 of 1st period - Off-side.
1:16 of 1st period - Nolan Patrick wins face-off versus Zach Aston-Reese in neutral zone.
1:21 of 1st period - Snap shot by William Carrier.
1:21 of 1st period - Shot Blocked by Joel Edmundson.
1:23 of 1st period - Slapshot by Erik Gudbranson.
1:23 of 1st period - Shot Blocked by Ethan Bear.
1:25 of 1st period - Slapshot by Zach Aston-Reese.
1:25 of 1st period - Stopped by Jordan Binnington with a rebound.
1:27 of 1st period - Slapshot by Erik Gudbranson.
1:27 of 1st period - Shot Blocked by Ilya Mikheyev.
1:29 of 1st period - Snap shot by Zach Aston-Reese.
1:29 of 1st period - Shot Misses the Net.
1:49 of 1st period - Snap shot by Ilya Mikheyev.
1:49 of 1st period - Stopped by Mackenzie Blackwood without a rebound.
1:50 of 1st period - Paul Stastny wins face-off versus Nathan MacKinnon in Jets zone.
2:11 of 1st period - Seth Jones is hit by James van Riemsdyk.
2:21 of 1st period - Wrist shot by Kyle Turris.
2:21 of 1st period - Shot Hit the Post.
2:29 of 1st period - Snap shot by Kyle Turris.
2:29 of 1st period - Stopped by Jordan Binnington with a rebound.
2:31 of 1st period - Slapshot by Jonathan Ericsson.
2:31 of 1st period - Shot Blocked by Jakob Chychrun.
3:25 of 1st period - Icing by Josh Manson.
3:26 of 1st period - Nathan MacKinnon wins face-off versus Sean Monahan in Jets zone.
3:49 of 1st period - Wrist shot by Victor Olofsson.
3:49 of 1st period - Shot Misses the Net.
4:01 of 1st period - Snap shot by Anthony Mantha.
4:01 of 1st period - Shot Blocked by Nathan MacKinnon.
4:33 of 1st period - Off-side.
4:34 of 1st period - Paul Stastny wins face-off versus Colton Sissons in neutral zone.
5:43 of 1st period - Alex Galchenyuk is hit by Brady Tkachuk and loses puck.
6:24 of 1st period - Seth Jones is hit by Erik Gudbranson and loses puck.
6:53 of 1st period - Casey Cizikas is hit by Alexander Volkov and loses puck.
7:46 of 1st period - Jakob Chychrun is hit by Alexander Volkov and loses puck.
7:57 of 1st period - Wrist shot by Pat Maroon.
7:57 of 1st period - Shot Misses the Net.
8:19 of 1st period - Ethan Bear is hit by Josh Manson.
9:01 of 1st period - Wrist shot by Wayne Simmonds.
9:01 of 1st period - Stopped by Jordan Binnington without a rebound.
9:02 of 1st period - Paul Stastny wins face-off versus Nathan MacKinnon in Bruins zone.
9:07 of 1st period - Wrist shot by Nathan MacKinnon.
9:07 of 1st period - Shot Blocked by Paul Stastny.
9:17 of 1st period - Anthony Beauvillier is hit by Nathan MacKinnon and loses puck.
9:34 of 1st period - Victor Olofsson is hit by Casey Cizikas and loses puck.
9:43 of 1st period - Backhand shot by Nathan MacKinnon.
9:43 of 1st period - Shot Misses the Net.
10:54 of 1st period - Minor Penalty to Pat Maroon for Holding Stick.
10:55 of 1st period - Luke Glendening wins face-off versus Nathan MacKinnon in Bruins zone.
11:11 of 1st period - Slapshot by Victor Olofsson.
11:11 of 1st period - Stopped by Jordan Binnington without a rebound.
11:12 of 1st period - Nathan MacKinnon wins face-off versus Luke Glendening in Bruins zone.
12:54 of 1st period - Penalty to Pat Maroon is over, Pat Maroon is back on ice.
13:43 of 1st period - Wrist shot by Wayne Simmonds.
13:43 of 1st period - Shot Blocked by Connor Murphy.
13:55 of 1st period - Wrist shot by Sean Monahan.
13:55 of 1st period - Shot Misses the Net.
14:09 of 1st period - Jonathan Ericsson is hit by Joel Edmundson and loses puck.
14:24 of 1st period - Wrist shot by Victor Olofsson.
14:24 of 1st period - Shot Blocked by Paul Stastny.
15:07 of 1st period - Wrist shot by Alex Galchenyuk.
15:07 of 1st period - Shot Blocked by Lawson Crouse.
15:09 of 1st period - Snap shot by Alex Galchenyuk.
15:09 of 1st period - Shot Blocked by Luke Glendening.
16:39 of 1st period - Mark Pysyk is hit by Ryan Johansen and loses puck.
17:13 of 1st period - Brady Tkachuk is hit by Mark Pysyk and loses puck.
17:20 of 1st period - Mark Pysyk is hit by Brady Tkachuk and loses puck.
17:31 of 1st period - Lawson Crouse is hit by Colton Sissons and loses puck.
17:58 of 1st period - Snap shot by Kyle Turris.
17:58 of 1st period - Stopped by Jordan Binnington with a rebound.
18:00 of 1st period - Slapshot by Jonathan Ericsson.
18:00 of 1st period - Deflect By Wayne Simmonds.
18:00 of 1st period - Stopped by Jordan Binnington with a rebound.
18:02 of 1st period - Wrist shot by Kyle Turris.
18:02 of 1st period - Stopped by Jordan Binnington without a rebound.
18:03 of 1st period - Colton Sissons wins face-off versus Anthony Mantha in Bruins zone.
18:10 of 1st period - Slapshot by Alex Galchenyuk.
18:10 of 1st period - Shot Misses the Net.
18:12 of 1st period - Wrist shot by Colton Sissons.
18:12 of 1st period - Deflect By Alex Galchenyuk.
18:12 of 1st period - Shot Misses the Net.
18:12 of 1st period - Puck is out of play.
18:13 of 1st period - Colton Sissons wins face-off versus Sean Monahan in Bruins zone.
18:14 of 1st period - Snap shot by Alex Galchenyuk.
18:14 of 1st period - Shot Blocked by Ethan Bear.
18:38 of 1st period - Wrist shot by Anthony Mantha.
18:38 of 1st period - Shot Misses the Net.
18:54 of 1st period - Erik Gudbranson is hit by Ryan Johansen and loses puck.
19:03 of 1st period - Wrist shot by Filip Chytil.
19:03 of 1st period - Stopped by Jordan Binnington without a rebound.
19:04 of 1st period - Paul Stastny wins face-off versus Nathan MacKinnon in Bruins zone.
19:17 of 1st period - Wrist shot by Brady Tkachuk.
19:17 of 1st period - Stopped by Mackenzie Blackwood without a rebound.
19:18 of 1st period - Nathan MacKinnon wins face-off versus Paul Stastny in Jets zone.
19:18 of 1st period - Nathan MacKinnon is hit by Anthony Beauvillier.
19:44 of 1st period - Josh Morrissey is hit by Casey Cizikas and loses puck.
19:53 of 1st period - Wrist shot by Casey Cizikas.
19:53 of 1st period - Stopped by Mackenzie Blackwood without a rebound.
19:54 of 1st period - Nathan MacKinnon wins face-off versus Sean Monahan in Jets zone.
Goals for this period are 0 for Jets vs 0 for Bruins.
Shots for this period are 12 for Jets vs 3 for Bruins.

2nd period


0:01 of 2nd period - Sean Monahan wins face-off versus Victor Olofsson in neutral zone.
0:14 of 2nd period - Wrist shot by Sean Monahan.
0:14 of 2nd period - Shot Misses the Net.
0:26 of 2nd period - Colton Sissons is hit by Connor Murphy and loses puck.
1:15 of 2nd period - Snap shot by Casey Cizikas.
1:15 of 2nd period - Stopped by Mackenzie Blackwood without a rebound.
1:16 of 2nd period - Nathan MacKinnon wins face-off versus Sean Monahan in Jets zone.
2:17 of 2nd period - Snap shot by Victor Olofsson.
2:17 of 2nd period - Shot Blocked by Ethan Bear.
2:19 of 2nd period - Wrist shot by Nathan MacKinnon.
2:19 of 2nd period - Stopped by Jordan Binnington without a rebound.
2:20 of 2nd period - Sean Monahan wins face-off versus Colton Sissons in Bruins zone.
2:25 of 2nd period - Josh Manson is hit by Anthony Mantha and loses puck.
2:50 of 2nd period - Snap shot by Kyle Turris.
2:50 of 2nd period - Shot Misses the Net.
2:52 of 2nd period - Slapshot by Josh Manson.
2:52 of 2nd period - Stopped by Jordan Binnington with a rebound.
2:54 of 2nd period - Wrist shot by Alexander Volkov.
2:54 of 2nd period - Stopped by Jordan Binnington without a rebound.
2:55 of 2nd period - Paul Stastny wins face-off versus Wayne Simmonds in Bruins zone.
2:55 of 2nd period - Paul Stastny is hit by Mark Pysyk.
3:03 of 2nd period - Wrist shot by Anthony Beauvillier.
3:03 of 2nd period - Shot Misses the Net.
3:30 of 2nd period - Snap shot by Filip Chytil.
3:30 of 2nd period - Shot Misses the Net.
3:45 of 2nd period - Lawson Crouse is hit by Dakota Mermis and loses puck.
4:14 of 2nd period - Wrist shot by Victor Olofsson.
4:14 of 2nd period - Goal by Victor Olofsson - Jets : 1 - Bruins : 0.
4:15 of 2nd period - James van Riemsdyk wins face-off versus Sean Monahan in neutral zone.
5:05 of 2nd period - Snap shot by Lawson Crouse.
5:05 of 2nd period - Stopped by Mackenzie Blackwood without a rebound.
5:06 of 2nd period - Nathan MacKinnon wins face-off versus Casey Cizikas in Jets zone.
5:15 of 2nd period - Off-side.
5:16 of 2nd period - Sean Monahan wins face-off versus Nathan MacKinnon in neutral zone.
5:24 of 2nd period - Wrist shot by Anthony Mantha.
5:24 of 2nd period - Shot Blocked by Josh Manson.
5:26 of 2nd period - Slapshot by Ryan Johansen.
5:26 of 2nd period - Shot Misses the Net.
6:02 of 2nd period - Wayne Simmonds is hit by Ethan Bear and loses puck.
6:13 of 2nd period - Snap shot by Luke Glendening.
6:13 of 2nd period - Shot Misses the Net.
6:15 of 2nd period - Snap shot by Luke Glendening.
6:15 of 2nd period - Deflect By Josh Morrissey.
6:15 of 2nd period - Shot Blocked by Mark Pysyk.
6:15 of 2nd period - Puck is out of play.
6:16 of 2nd period - Nathan MacKinnon wins face-off versus Anthony Mantha in Jets zone.
6:16 of 2nd period - Nathan MacKinnon is hit by Sean Monahan.
6:28 of 2nd period - Wrist shot by Anthony Mantha.
6:28 of 2nd period - Deflect By Ryan Johansen.
6:28 of 2nd period - Shot Misses the Net.
6:28 of 2nd period - Puck is out of play.
6:29 of 2nd period - Sean Monahan wins face-off versus Nathan MacKinnon in Jets zone.
6:44 of 2nd period - Snap shot by Ryan Johansen.
6:44 of 2nd period - Deflect By Anthony Mantha.
6:44 of 2nd period - Stopped by Mackenzie Blackwood with a rebound.
6:46 of 2nd period - Slapshot by Ryan Johansen.
6:46 of 2nd period - Shot Misses the Net.
7:24 of 2nd period - Snap shot by James van Riemsdyk.
7:24 of 2nd period - Goal by James van Riemsdyk - Jets : 2 - Bruins : 0.
7:25 of 2nd period - Colton Sissons wins face-off versus Sean Monahan in neutral zone.
7:28 of 2nd period - Cam Fowler is hit by Mark Pysyk and loses puck.
7:35 of 2nd period - Wrist shot by Filip Chytil.
7:35 of 2nd period - Shot Blocked by Ryan Johansen.
7:39 of 2nd period - Slapshot by Alex Galchenyuk.
7:39 of 2nd period - Shot Blocked by Jakob Chychrun.
7:41 of 2nd period - Snap shot by Filip Chytil.
7:41 of 2nd period - Stopped by Jordan Binnington without a rebound.
7:42 of 2nd period - Kyle Turris wins face-off versus Paul Stastny in Bruins zone.
7:46 of 2nd period - Icing by Anthony Beauvillier.
7:47 of 2nd period - Kyle Turris wins face-off versus Paul Stastny in Bruins zone.
7:56 of 2nd period - Josh Manson is hit by Brady Tkachuk and loses puck.
8:37 of 2nd period - Backhand shot by Filip Chytil.
8:37 of 2nd period - Shot Blocked by Lawson Crouse.
8:39 of 2nd period - Snap shot by Colton Sissons.
8:39 of 2nd period - Stopped by Jordan Binnington without a rebound.
8:40 of 2nd period - Casey Cizikas wins face-off versus Colton Sissons in Bruins zone.
8:42 of 2nd period - Icing by Lawson Crouse.
8:43 of 2nd period - Nathan MacKinnon wins face-off versus Casey Cizikas in Bruins zone.
9:13 of 2nd period - Slapshot by Colton Sissons.
9:13 of 2nd period - Stopped by Jordan Binnington with a rebound.
9:15 of 2nd period - Wrist shot by Colton Sissons.
9:15 of 2nd period - Goal by Colton Sissons - Jets : 3 - Bruins : 0.
9:16 of 2nd period - Sean Monahan wins face-off versus Victor Olofsson in neutral zone.
9:30 of 2nd period - Wrist shot by James van Riemsdyk.
9:30 of 2nd period - Shot Misses the Net.
9:42 of 2nd period - Paul Stastny is hit by Erik Gudbranson and loses puck.
10:07 of 2nd period - Snap shot by Kyle Turris.
10:07 of 2nd period - Deflect By Wayne Simmonds.
10:07 of 2nd period - Shot Misses the Net.
10:07 of 2nd period - Puck is out of play.
10:08 of 2nd period - Anthony Mantha wins face-off versus Kyle Turris in Bruins zone.
10:13 of 2nd period - Snap shot by Anthony Mantha.
10:13 of 2nd period - Deflect By Sean Monahan.
10:13 of 2nd period - Stopped by Mackenzie Blackwood without a rebound.
10:14 of 2nd period - Sean Monahan wins face-off versus Nathan MacKinnon in Jets zone.
10:19 of 2nd period - Wrist shot by Anthony Mantha.
10:19 of 2nd period - Shot Misses the Net.
10:21 of 2nd period - Slapshot by Ethan Bear.
10:21 of 2nd period - Stopped by Mackenzie Blackwood without a rebound.
10:22 of 2nd period - Paul Stastny wins face-off versus Nathan MacKinnon in Jets zone.
10:39 of 2nd period - Snap shot by Paul Stastny.
10:39 of 2nd period - Shot Blocked by Erik Gudbranson.
10:39 of 2nd period - Erik Gudbranson from Jets is injured at 10:39 of 2nd period (Sprained Right Knee).
10:40 of 2nd period - Colton Sissons wins face-off versus Sean Monahan in Jets zone.
10:47 of 2nd period - Backhand shot by Filip Chytil.
10:47 of 2nd period - Shot Misses the Net.
10:49 of 2nd period - Snap shot by Colton Sissons.
10:49 of 2nd period - Shot Misses the Net.
10:51 of 2nd period - Snap shot by Alex Galchenyuk.
10:51 of 2nd period - Shot Misses the Net.
11:05 of 2nd period - Ryan Johansen is hit by Alexander Volkov and loses puck.
11:10 of 2nd period - Wrist shot by Kyle Turris.
11:10 of 2nd period - Stopped by Jordan Binnington with a rebound.
11:12 of 2nd period - Wrist shot by Alexander Volkov.
11:12 of 2nd period - Shot Misses the Net.
11:14 of 2nd period - Snap shot by Mark Pysyk.
11:14 of 2nd period - Stopped by Jordan Binnington with a rebound.
11:16 of 2nd period - Snap shot by Wayne Simmonds.
11:16 of 2nd period - Stopped by Jordan Binnington without a rebound.
11:17 of 2nd period - Nathan MacKinnon wins face-off versus Anthony Beauvillier in Bruins zone.
11:32 of 2nd period - Snap shot by Brady Tkachuk.
11:32 of 2nd period - Stopped by Mackenzie Blackwood with a rebound.
12:06 of 2nd period - Kyle Turris is hit by Casey Cizikas and loses puck.
12:16 of 2nd period - Snap shot by Casey Cizikas.
12:16 of 2nd period - Goal by Casey Cizikas - Jets : 3 - Bruins : 1.
12:17 of 2nd period - Nathan MacKinnon wins face-off versus Ryan Johansen in neutral zone.
12:52 of 2nd period - Wrist shot by Brady Tkachuk.
12:52 of 2nd period - Shot Blocked by Filip Chytil.
12:54 of 2nd period - Slapshot by Jakob Chychrun.
12:54 of 2nd period - Deflect By Brady Tkachuk.
12:54 of 2nd period - Shot Hit the Post.
12:54 of 2nd period - Puck is out of play.
12:55 of 2nd period - Nolan Patrick wins face-off versus Colton Sissons in Jets zone.
12:58 of 2nd period - Wrist shot by Pat Maroon.
12:58 of 2nd period - Shot Misses the Net.
13:02 of 2nd period - Snap shot by Ilya Mikheyev.
13:02 of 2nd period - Shot Misses the Net.
13:04 of 2nd period - Slapshot by Seth Jones.
13:04 of 2nd period - Shot Blocked by Filip Chytil.
13:06 of 2nd period - Slapshot by Seth Jones.
13:06 of 2nd period - Stopped by Mackenzie Blackwood without a rebound.
13:07 of 2nd period - Nathan MacKinnon wins face-off versus Paul Stastny in Jets zone.
13:12 of 2nd period - Anthony Beauvillier is hit by Josh Manson and loses puck.
14:02 of 2nd period - Off-side.
14:03 of 2nd period - Paul Stastny wins face-off versus Wayne Simmonds in neutral zone.
14:12 of 2nd period - Snap shot by Brady Tkachuk.
14:12 of 2nd period - Stopped by Mackenzie Blackwood with a rebound.
14:32 of 2nd period - Snap shot by Anthony Mantha.
14:32 of 2nd period - Stopped by Mackenzie Blackwood without a rebound.
14:33 of 2nd period - Anthony Mantha wins face-off versus Nathan MacKinnon in Jets zone.
14:36 of 2nd period - Snap shot by Sean Monahan.
14:36 of 2nd period - Stopped by Mackenzie Blackwood without a rebound.
14:37 of 2nd period - Nathan MacKinnon wins face-off versus Sean Monahan in Jets zone.
14:37 of 2nd period - Nathan MacKinnon is hit by Ryan Johansen.
14:57 of 2nd period - Wrist shot by Nathan MacKinnon.
14:57 of 2nd period - Shot Blocked by Anthony Mantha.
15:15 of 2nd period - Snap shot by Anthony Beauvillier.
15:15 of 2nd period - Deflect By Brady Tkachuk.
15:15 of 2nd period - Stopped by Mackenzie Blackwood without a rebound.
15:16 of 2nd period - Colton Sissons wins face-off versus Anthony Beauvillier in Jets zone.
15:27 of 2nd period - Anthony Beauvillier is hit by Josh Manson.
15:52 of 2nd period - Snap shot by Filip Chytil.
15:52 of 2nd period - Shot Misses the Net.
15:54 of 2nd period - Slapshot by Jonathan Ericsson.
15:54 of 2nd period - Shot Misses the Net.
15:56 of 2nd period - Wrist shot by Josh Manson.
15:56 of 2nd period - Shot Misses the Net.
15:58 of 2nd period - Snap shot by Josh Morrissey.
15:58 of 2nd period - Shot Blocked by Sean Monahan.
16:00 of 2nd period - Snap shot by Filip Chytil.
16:00 of 2nd period - Stopped by Jordan Binnington without a rebound.
16:01 of 2nd period - Paul Stastny wins face-off versus Nathan MacKinnon in Bruins zone.
16:10 of 2nd period - Snap shot by Brady Tkachuk.
16:10 of 2nd period - Shot Misses the Net.
16:32 of 2nd period - Snap shot by Nolan Patrick.
16:32 of 2nd period - Shot Blocked by Wayne Simmonds.
16:58 of 2nd period - Wrist shot by Anthony Mantha.
16:58 of 2nd period - Shot Blocked by Zach Aston-Reese.
17:00 of 2nd period - Wrist shot by Anthony Mantha.
17:00 of 2nd period - Stopped by Mackenzie Blackwood without a rebound.
17:01 of 2nd period - Nathan MacKinnon wins face-off versus Paul Stastny in Jets zone.
17:33 of 2nd period - Wrist shot by Anthony Mantha.
17:33 of 2nd period - Deflect By Ryan Johansen.
17:33 of 2nd period - Shot Misses the Net.
17:33 of 2nd period - Puck is out of play.
17:34 of 2nd period - Colton Sissons wins face-off versus Sean Monahan in Jets zone.
17:41 of 2nd period - Slapshot by Alex Galchenyuk.
17:41 of 2nd period - Stopped by Jordan Binnington without a rebound.
17:42 of 2nd period - Sean Monahan wins face-off versus Filip Chytil in Bruins zone.
17:47 of 2nd period - Slapshot by Anthony Mantha.
17:47 of 2nd period - Stopped by Mackenzie Blackwood with a rebound.
18:37 of 2nd period - Wrist shot by Ryan Johansen.
18:37 of 2nd period - Stopped by Mackenzie Blackwood without a rebound.
18:38 of 2nd period - Anthony Beauvillier wins face-off versus Nathan MacKinnon in Jets zone.
18:43 of 2nd period - Slapshot by Brady Tkachuk.
18:43 of 2nd period - Stopped by Mackenzie Blackwood without a rebound.
18:44 of 2nd period - Paul Stastny wins face-off versus Nathan MacKinnon in Jets zone.
19:16 of 2nd period - Off-side.
19:17 of 2nd period - Casey Cizikas wins face-off versus Zach Aston-Reese in neutral zone.
19:26 of 2nd period - Slapshot by Seth Jones.
19:26 of 2nd period - Stopped by Mackenzie Blackwood without a rebound.
19:27 of 2nd period - Casey Cizikas wins face-off versus Zach Aston-Reese in Jets zone.
19:30 of 2nd period - Backhand shot by Lawson Crouse.
19:30 of 2nd period - Shot Blocked by Josh Morrissey.
19:32 of 2nd period - Slapshot by Lawson Crouse.
19:32 of 2nd period - Stopped by Mackenzie Blackwood with a rebound.
19:34 of 2nd period - Wrist shot by Luke Glendening.
19:34 of 2nd period - Shot Misses the Net.
19:36 of 2nd period - Slapshot by Seth Jones.
19:36 of 2nd period - Shot Misses the Net.
19:42 of 2nd period - Snap shot by Lawson Crouse.
19:42 of 2nd period - Goal by Lawson Crouse - Jets : 3 - Bruins : 2.
19:43 of 2nd period - Paul Stastny wins face-off versus Nathan MacKinnon in neutral zone.
19:50 of 2nd period - Snap shot by Victor Olofsson.
19:50 of 2nd period - Stopped by Jordan Binnington with a rebound.
Goals for this period are 3 for Jets vs 2 for Bruins.
Shots for this period are 15 for Jets vs 19 for Bruins.

3rd period


0:01 of 3rd period - Nathan MacKinnon wins face-off versus Sean Monahan in neutral zone.
1:16 of 3rd period - Snap shot by Lawson Crouse.
1:16 of 3rd period - Stopped by Mackenzie Blackwood without a rebound.
1:17 of 3rd period - Casey Cizikas wins face-off versus Victor Olofsson in Jets zone.
1:18 of 3rd period - Wrist shot by Seth Jones.
1:18 of 3rd period - Shot Misses the Net.
1:20 of 3rd period - Snap shot by Luke Glendening.
1:20 of 3rd period - Shot Blocked by Nathan MacKinnon.
1:22 of 3rd period - Slapshot by Luke Glendening.
1:22 of 3rd period - Shot Blocked by Josh Manson.
1:30 of 3rd period - Snap shot by Casey Cizikas.
1:30 of 3rd period - Stopped by Mackenzie Blackwood with a rebound.
1:32 of 3rd period - Wrist shot by Connor Murphy.
1:32 of 3rd period - Stopped by Mackenzie Blackwood without a rebound.
1:33 of 3rd period - Colton Sissons wins face-off versus Anthony Mantha in Jets zone.
1:59 of 3rd period - Connor Murphy is hit by Mark Pysyk.
3:08 of 3rd period - Slapshot by Sean Monahan.
3:08 of 3rd period - Shot Misses the Net.
4:02 of 3rd period - Kyle Turris is hit by Lawson Crouse and loses puck.
4:27 of 3rd period - Slapshot by Wayne Simmonds.
4:27 of 3rd period - Stopped by Jordan Binnington with a rebound.
4:50 of 3rd period - Wrist shot by Victor Olofsson.
4:50 of 3rd period - Deflect By Nathan MacKinnon.
4:50 of 3rd period - Shot Misses the Net.
4:50 of 3rd period - Puck is out of play.
4:51 of 3rd period - Filip Chytil wins face-off versus Casey Cizikas in Bruins zone.
4:52 of 3rd period - Wrist shot by Alex Galchenyuk.
4:52 of 3rd period - Stopped by Jordan Binnington with a rebound.
5:04 of 3rd period - Snap shot by Lawson Crouse.
5:04 of 3rd period - Shot Blocked by Colton Sissons.
5:21 of 3rd period - Backhand shot by Nathan MacKinnon.
5:21 of 3rd period - Shot Misses the Net.
5:23 of 3rd period - Snap shot by Victor Olofsson.
5:23 of 3rd period - Shot Blocked by Anthony Mantha.
5:25 of 3rd period - Slapshot by Josh Manson.
5:25 of 3rd period - Shot Misses the Net.
5:27 of 3rd period - Snap shot by Nathan MacKinnon.
5:27 of 3rd period - Shot Misses the Net.
5:29 of 3rd period - Snap shot by Josh Manson.
5:29 of 3rd period - Stopped by Jordan Binnington without a rebound.
5:30 of 3rd period - Paul Stastny wins face-off versus Zach Aston-Reese in Bruins zone.
5:57 of 3rd period - James van Riemsdyk is hit by Ryan Johansen and loses puck.
6:21 of 3rd period - Connor Murphy is hit by Alex Galchenyuk and loses puck.
7:00 of 3rd period - Luke Glendening is hit by Josh Manson and loses puck.
7:26 of 3rd period - Slapshot by Seth Jones.
7:26 of 3rd period - Stopped by Mackenzie Blackwood with a rebound.
7:30 of 3rd period - Backhand shot by Anthony Mantha.
7:30 of 3rd period - Stopped by Mackenzie Blackwood without a rebound.
7:31 of 3rd period - Nathan MacKinnon wins face-off versus Sean Monahan in Jets zone.
7:36 of 3rd period - Connor Murphy is hit by Mark Pysyk and loses puck.
7:57 of 3rd period - Colton Sissons is hit by Paul Stastny and loses puck.
8:06 of 3rd period - Wrist shot by Anthony Beauvillier.
8:06 of 3rd period - Deflect By Filip Chytil.
8:06 of 3rd period - Shot Misses the Net.
8:06 of 3rd period - Puck is out of play.
8:07 of 3rd period - Nolan Patrick wins face-off versus Nathan MacKinnon in Jets zone.
8:18 of 3rd period - Snap shot by Nolan Patrick.
8:18 of 3rd period - Stopped by Mackenzie Blackwood without a rebound.
8:19 of 3rd period - Paul Stastny wins face-off versus Nathan MacKinnon in Jets zone.
8:25 of 3rd period - Icing by James van Riemsdyk.
8:26 of 3rd period - Paul Stastny wins face-off versus Nathan MacKinnon in Jets zone.
8:39 of 3rd period - Wrist shot by Anthony Beauvillier.
8:39 of 3rd period - Shot Misses the Net.
9:33 of 3rd period - Off-side.
9:34 of 3rd period - Sean Monahan wins face-off versus Colton Sissons in neutral zone.
9:59 of 3rd period - Wayne Simmonds is hit by Joel Edmundson and loses puck.
10:12 of 3rd period - Alexander Volkov is hit by Ilya Mikheyev and loses puck.
10:33 of 3rd period - Wrist shot by William Carrier.
10:33 of 3rd period - Shot Blocked by Lawson Crouse.
10:35 of 3rd period - Backhand shot by William Carrier.
10:35 of 3rd period - Stopped by Jordan Binnington without a rebound.
10:36 of 3rd period - Colton Sissons wins face-off versus Anthony Mantha in Bruins zone.
10:40 of 3rd period - Icing by Jakob Chychrun.
10:41 of 3rd period - Colton Sissons wins face-off versus Sean Monahan in Bruins zone.
10:44 of 3rd period - Wrist shot by Filip Chytil.
10:44 of 3rd period - Stopped by Jordan Binnington with a rebound.
10:46 of 3rd period - Snap shot by Filip Chytil.
10:46 of 3rd period - Stopped by Jordan Binnington with a rebound.
10:48 of 3rd period - Snap shot by Filip Chytil.
10:48 of 3rd period - Shot Misses the Net.
10:50 of 3rd period - Snap shot by Dakota Mermis.
10:50 of 3rd period - Stopped by Jordan Binnington without a rebound.
10:51 of 3rd period - Sean Monahan wins face-off versus James van Riemsdyk in Bruins zone.
10:56 of 3rd period - Wrist shot by Ryan Johansen.
10:56 of 3rd period - Stopped by Mackenzie Blackwood with a rebound.
11:44 of 3rd period - Snap shot by Ethan Bear.
11:44 of 3rd period - Stopped by Mackenzie Blackwood with a rebound.
11:46 of 3rd period - Snap shot by Luke Glendening.
11:46 of 3rd period - Stopped by Mackenzie Blackwood with a rebound.
11:48 of 3rd period - Slapshot by Ethan Bear.
11:48 of 3rd period - Shot Blocked by Alexander Volkov.
11:50 of 3rd period - Snap shot by Casey Cizikas.
11:50 of 3rd period - Stopped by Mackenzie Blackwood without a rebound.
11:51 of 3rd period - Nathan MacKinnon wins face-off versus Sean Monahan in Jets zone.
11:58 of 3rd period - Anthony Mantha is hit by Josh Manson and loses puck.
12:17 of 3rd period - Mark Pysyk is hit by Jakob Chychrun and loses puck.
12:43 of 3rd period - Wrist shot by Mark Pysyk.
12:43 of 3rd period - Stopped by Jordan Binnington with a rebound.
12:45 of 3rd period - Snap shot by Alexander Volkov.
12:45 of 3rd period - Deflect By Wayne Simmonds.
12:45 of 3rd period - Stopped by Jordan Binnington with a rebound.
12:47 of 3rd period - Snap shot by Josh Manson.
12:47 of 3rd period - Stopped by Jordan Binnington with a rebound.
12:49 of 3rd period - Wrist shot by Mark Pysyk.
12:49 of 3rd period - Stopped by Jordan Binnington without a rebound.
12:50 of 3rd period - Nathan MacKinnon wins face-off versus Sean Monahan in Bruins zone.
13:09 of 3rd period - Nathan MacKinnon is hit by Anthony Mantha and loses puck.
14:03 of 3rd period - Zach Aston-Reese is hit by Ilya Mikheyev and loses puck.
14:53 of 3rd period - Slapshot by Luke Glendening.
14:53 of 3rd period - Deflect By Lawson Crouse.
14:53 of 3rd period - Stopped by Mackenzie Blackwood without a rebound.
14:54 of 3rd period - Sean Monahan wins face-off versus Nathan MacKinnon in Jets zone.
15:02 of 3rd period - Minor Penalty to Anthony Mantha for Hooking.
15:03 of 3rd period - Luke Glendening wins face-off versus Nathan MacKinnon in Bruins zone.
15:37 of 3rd period - Icing by Colton Sissons.
15:38 of 3rd period - Luke Glendening wins face-off versus Colton Sissons in Jets zone.
16:03 of 3rd period - Snap shot by Filip Chytil.
16:03 of 3rd period - Stopped by Jordan Binnington with a rebound.
16:21 of 3rd period - Slapshot by Victor Olofsson.
16:21 of 3rd period - Stopped by Jordan Binnington with a rebound.
16:23 of 3rd period - Wrist shot by Nathan MacKinnon.
16:23 of 3rd period - Stopped by Jordan Binnington with a rebound.
16:56 of 3rd period - Wrist shot by Josh Morrissey.
16:56 of 3rd period - Stopped by Jordan Binnington with a rebound.
17:02 of 3rd period - Penalty to Anthony Mantha is over, Anthony Mantha is back on ice.
17:02 of 3rd period - Slapshot by Colton Sissons.
17:02 of 3rd period - Stopped by Jordan Binnington without a rebound.
17:03 of 3rd period - Sean Monahan wins face-off versus Nathan MacKinnon in Bruins zone.
17:05 of 3rd period - Icing by Anthony Mantha.
17:06 of 3rd period - Sean Monahan wins face-off versus Nathan MacKinnon in Bruins zone.
17:06 of 3rd period - Sean Monahan is hit by Victor Olofsson.
17:20 of 3rd period - Josh Manson is hit by Sean Monahan and loses puck.
17:41 of 3rd period - Wrist shot by Kyle Turris.
17:41 of 3rd period - Shot Misses the Net.
17:43 of 3rd period - Snap shot by Wayne Simmonds.
17:43 of 3rd period - Stopped by Jordan Binnington without a rebound.
17:44 of 3rd period - Colton Sissons wins face-off versus Nolan Patrick in Bruins zone.
17:58 of 3rd period - Off-side.
17:59 of 3rd period - Casey Cizikas wins face-off versus Nathan MacKinnon in neutral zone.
18:24 of 3rd period - Wayne Simmonds is hit by Ethan Bear and loses puck.
18:32 of 3rd period - Off-side.
18:33 of 3rd period - Nathan MacKinnon wins face-off versus Casey Cizikas in neutral zone.
19:02 of 3rd period - Bruins, Jordan Binnington is pulled from the net.
19:14 of 3rd period - Snap shot by Zach Aston-Reese.
19:14 of 3rd period - Goal by Zach Aston-Reese - Jets : 4 - Bruins : 2.
19:14 of 3rd period - Jordan Binnington from Bruins was sent back in the game.
19:15 of 3rd period - Pat Maroon wins face-off versus Kyle Turris in neutral zone.
19:22 of 3rd period - Snap shot by Nolan Patrick.
19:22 of 3rd period - Deflect By Pat Maroon.
19:22 of 3rd period - Shot Misses the Net.
19:22 of 3rd period - Puck is out of play.
19:23 of 3rd period - Nolan Patrick wins face-off versus Kyle Turris in Jets zone.
19:24 of 3rd period - Slapshot by Ilya Mikheyev.
19:24 of 3rd period - Stopped by Mackenzie Blackwood with a rebound.
19:26 of 3rd period - Snap shot by Ilya Mikheyev.
19:26 of 3rd period - Stopped by Mackenzie Blackwood without a rebound.
19:27 of 3rd period - Kyle Turris wins face-off versus Casey Cizikas in Jets zone.
19:27 of 3rd period - Kyle Turris is hit by Casey Cizikas.
19:35 of 3rd period - Snap shot by Seth Jones.
19:35 of 3rd period - Deflect By Lawson Crouse.
19:35 of 3rd period - Shot Blocked by Mark Pysyk.
19:35 of 3rd period - Puck is out of play.
19:36 of 3rd period - Kyle Turris wins face-off versus Casey Cizikas in Jets zone.
19:55 of 3rd period - Snap shot by Lawson Crouse.
19:55 of 3rd period - Shot Misses the Net.
19:57 of 3rd period - Snap shot by Luke Glendening.
19:57 of 3rd period - Shot Blocked by Wayne Simmonds.
19:59 of 3rd period - Slapshot by Seth Jones.
19:59 of 3rd period - Goal by Seth Jones - Jets : 4 - Bruins : 3.
Goals for this period are 1 for Jets vs 1 for Bruins.
Shots for this period are 18 for Jets vs 14 for Bruins.